 Dungeon Crawl Stone Soup version 0.29.1-12-g30fa7ad0bf (webtiles) character file.

Game seed: 1991611985875296860

251 hawla the Chiller (level 6, 0/45 HPs)
             Began as a Meteoran Ice Elementalist on Jan 1, 2023.
             Slain by an orc priest
             ... wielding a +0 trident
              (3 damage)
             ... on level 4 of the Dungeon.
             The game lasted 00:04:46 (729 turns).

hawla the Chiller (Meteoran Ice Elementalist)        Turns: 729, Time: 00:04:47

Health: 0/45       AC:  3    Str: 10    XL:     6   Next: 63%
Magic:  0/13       EV: 12    Int: 18    God:
Gold:   66         SH:  0    Dex: 15    Spells: 5/13 levels left

rFire   . . .      SeeInvis .   g - +2 hammer (protect)
rCold   . . .      Faith    .   (no shield)
rNeg    . . .      Spirit   .   a - +0 robe
rPois   .          Reflect  .   (no helmet)
rElec   .          Harm     .   f - +0 cloak
rCorr   .          Rampage  .   (no gloves)
Will    .....                   (no boots)
Stlth   +.........              (no amulet)
HPRegen 0.15/turn               (no ring)
MPRegen 0.13/turn               (no ring)

@: lethally poisoned (0 -> -6), very slightly contaminated, glowing
A: sense surroundings 1, otherworldly, glowing, explore regen
a: no special abilities


You were on level 4 of the Dungeon.
You visited 1 branch of the dungeon, and saw 4 of its levels.

You collected 66 gold pieces.

Inventory:

Hand Weapons
 g - a +2 hammer of protection (weapon)
Armour
 a - a +0 robe (worn)
 f - a +0 cloak (worn)
Jewellery
 d - a ring of fire
Scrolls
 i - a scroll of enchant armour {unknown}
 l - a scroll of amnesia {unknown}
 m - a scroll of identify {unknown}
 n - a scroll of teleportation {unknown}
Potions
 b - 2 potions of magic
 c - 2 potions of curing {unknown}
 e - 2 potions of might {unknown}
 h - a potion of cancellation {unknown}
 j - a potion of ambrosia {unknown}
 k - a potion of lignification {unknown}


   Skills:
 - Level 2.6 Dodging
 - Level 1.4 Stealth
 - Level 4.3 Spellcasting
 + Level 4.5 Conjurations
 - Level 5.6 Ice Magic


You had 5 spell levels left.
You knew the following spells:

 Your Spells              Type           Power      Damage    Failure   Level
a - Freeze                Ice            96%        1d11      1%          1
b - Frozen Ramparts       Ice            48%        1d8       4%          3
c - Hailstorm             Conj/Ice       22%        3d7       17%         4

Your spell library contained the following spells:

 Spells                   Type           Power      Damage    Failure   Level
 Ozocubu's Armour         Ice            24%        N/A       4%          3


Dungeon Overview and Level Annotations

Branches:
Dungeon (4/15) Zot: 1687
 Temple: D:4-7

Altars:


Innate Abilities, Weirdness & Mutations

You passively map a small area around you.
You are easily found by Zot.
You glow in the dark.
You regain HP and MP as you explore.


Message History

You kill the gnoll!
The hail pelts the gnoll!
You kill the gnoll!
The hail pelts the orc priest.
The orc priest is moderately wounded.
The hail pelts the orc priest!
The orc priest is heavily wounded.
The hail pelts the orc!
You kill the orc!
The hail pelts the gnoll!
You kill the gnoll!
The hail pelts the gnoll bouda!
The gnoll bouda is moderately wounded.
The hail pelts the gnoll!
The gnoll is severely wounded.
The orc priest invokes the aid of Beogh against you.
You struggle to resist.
The gnoll hits you with a +0 club. The adder bites you but does no damage.
The orc priest barely misses you.
Unknown command.
Casting: Hailstorm (quite dangerous; 17% risk of failure)
Confirm with . or Enter, or press ? or * to list all spells.
The spell is quite dangerous to miscast (17% risk of failure)!
Continue anyway?
Casting: Hailstorm (quite dangerous; 17% risk of failure)
Press: ? - help, Dir - look around, f - activate You miscast Hailstorm.
You are very lightly contaminated with residual magic.
Heat is drained from your body.
* * * LOW HITPOINT WARNING * * *
The gnoll hits you from afar with a +0 spear.
* * * LOW HITPOINT WARNING * * *
The adder bites you.
* * * LOW HITPOINT WARNING * * *
The gnoll bouda misses you. The gnoll barely misses you.
The orc priest looks encouraged for a moment.
The adder bites you.
* * * LOW HITPOINT WARNING * * *
You are lethally poisoned!
The adder poisons you! The gnoll barely misses you.
The orc priest hits you from afar with a +0 trident.
You die...

,, ######### *
........#####.o
##..)<....... ,
#..g......###
#..@So...## *
#..og)..## *
##g.o..:# *
#......# *
.......#
*#........# * ,
.......[...
###.....###. *
*


You could see a gnoll bouda, 2 orc priests, 2 gnolls, an adder and an orc.

Vanquished Creatures
  Crazy Yiuf (D:2)
  An orc priest (D:3)
  Jessica (D:3)
  3 orc wizards (D:3)
  Robin (D:2)
  3 gnolls (D:4)
  13 orcs
  2 bats
  3 endoplasms (D:2)
  13 goblins
  A hobgoblin (D:3)
  2 ball pythons
  2 kobolds
46 creatures vanquished.

Notes
Turn   | Place    | Note
-------+----------+-------------------------------------------
     0 | D:1      | hawla the Meteoran Ice Elementalist began the quest for the
                  | Orb.
     0 | D:1      | Reached XP level 1. HP: 14/14 MP: 5/5
    63 | D:2      | Noticed Robin
    73 | D:2      | Reached XP level 2. HP: 19/20 MP: 4/6
   168 | D:2      | Killed Robin
   169 | D:2      | Reached skill level 5 in Ice Magic
   169 | D:2      | Reached XP level 3. HP: 6/26 MP: 3/8
   252 | D:2      | Found a runed translucent door.
   253 | D:2      | Noticed Crazy Yiuf
   260 | D:2      | Learned a level 3 spell: Frozen Ramparts
   264 | D:2      | Killed Crazy Yiuf
   265 | D:2      | Reached XP level 4. HP: 9/33 MP: 2/10
   405 | D:2      | Found a faded altar of an unknown god.
   455 | D:3      | Reached XP level 5. HP: 28/38 MP: 5/12
   461 | D:3      | Learned a level 4 spell: Hailstorm
   546 | D:3      | Noticed Jessica
   550 | D:3      | Killed Jessica
   643 | D:3      | Reached XP level 6. HP: 38/45 MP: 7/13
   729 | D:4      | Slain by an orc priest

Illustrated notes

Levels and vault maps discovered:
D:1:      dpeg_arrival_simpleton_a, layout_basic, minmay_misc_feat_encased
D:2:      layout_loops_cross, chequers_ecumenical_altar_simple_redux,
          uniq_robin, uniq_crazy_yiuf_cottage
D:3:      layout_basic, uniq_sigmund, uniq_terence, uniq_jessica, uniq_natasha
D:4:      layout_rooms, nicolae_ossuary_entry_ruins

Skill      XL: |  1  2  3  4  5  6 |
---------------+-------------------+-----
Spellcasting   | 3 4 |  4.3
Ice Magic      | 5 |  5.6
Conjurations   | 2 4 |  4.5
Dodging        | |  2.6
Stealth        | |  1.4

Action                   |  1- 3 |  4- 6 || total
-------------------------+-------+-------++-------
Melee: Unarmed           |     1 |       ||     1
       Mace              |       |     1 ||     1
 Cast: Freeze            |    26 |    15 ||    41
       Frozen Ramparts   |     1 |     9 ||    10
       Hailstorm         |       |     1 ||     1
  Use: Potion            |     1 |       ||     1
Armor: Robe              |     2 |     2 ||     4
Dodge: Dodged            |    10 |     9 ||    19
